[Event "*** Titled Tuesday Blitz"]
[Site "Chess.com"]
[Date "2020.12.29"]
[Round "6"]
[White "Anna_ChessMate"]
[Black "imdvb6307"]
[Result "0-1"]
[WhiteElo "2543"]
[BlackElo "2389"]
[TimeControl "180+1"]
[EndTime "11:07:37 PST"]
[Termination "imdvb6307 won on time"]

1. d4 d5 2. c4 c6 3. cxd5 cxd5 4. Nc3 Nc6 5. Nf3 Nf6 6. Bf4 Bf5 7. e3 a6 8. Qb3 Na5 9. Qd1 Rc8 10. Bd3 Bxd3 11. Qxd3 e6 12. O-O Be7 13. b3 O-O 14. Rac1 Ba3 15.
Rc2 Qe7 16. h3 Nd7 17. e4 dxe4 18. Nxe4 h6 19. Rxc8 Rxc8 20. Qd2 Nc6 21. Qe3 Nb4 22. Nc3 Bb2 23. Na4 Nd5 24. Qd2 Ba3 25. Bg3 Qb4 26.
Qe2 b5 27. Nb2 Nc3 28. Qc2 Nb6 29. Nd3 Qa5 30. Nc5 Nbd5 31. Bd6 Qb6 32. Bg3 Bxc5 33. dxc5 Qxc5 34. Kh2 Qb4 35. Rc1 Qa3 36. Ne1 b4 37.
Nd3 f6 38. Bd6 Qa5 39. Qd2 Qb6 40. Bxb4 Qc7+ 41. g3 Nxb4 42. Nxb4 a5 43. Nd3 Qc6 44. Nb2 Qd5 45. Qe1 Rc5 46. Qe3 Ne4 47. Rd1 Qe5 48.
Nc4 Qf5 49. f3 Ng5 50. Rd8+ Kh7 51. g4 Qxf3 52. Qxf3 Nxf3+ 53. Kg3 Ne5 54. Ne3 Rc3 55. Kf2 Nd3+ 56. Ke2 Nf4+ 57. Kd2 Rc5 58. h4 Ng6 59. h5 Ne5 60. a3 Rb5 61. Kc3 Rc5+ 62. Kd2 Rb5 63.
Kc3 Rc5+ 64. Kb2 Rb5 0-1

[Event "*** Titled Tuesday Blitz"]
[Site "Chess.com"]
[Date "2020.12.29"]
[Round "6"]
[White "Kosak12"]
[Black "Aemulus20"]
[Result "1-0"]
[WhiteElo "2773"]
[BlackElo "2601"]
[TimeControl "180+1"]
[EndTime "11:07:45 PST"]
[Termination "Kosak12 won by checkmate"]

1. d4 Nf6 2. c4 e6 3. Nc3 Bb4 4. e3 c5 5. Nf3 Nc6 6. Bd3 d6 7. O-O Bxc3 8. bxc3 e5 9. Nd2 O-O 10.
d5 Ne7 11. Qc2 Ng6 12. f4 exf4 13. exf4 Re8 14. Nf3 Bd7 15. f5 Ne5 16. Bg5 Qe7 17.
Nxe5 Qxe5 18. Bf4 Qe7 19. Bg3 Qf8 20. Rae1 Rxe1 21. Rxe1 Re8 22. Rxe8 Nxe8 23. Qe2 f6 24. Bf4 Qf7 25. g4 h6 26. h4 Kf8 27. Kg2 Qe7 28. Qf2 Ba4 29. Qd2 b6 30. Bg3 Bd7 31. Bc2 Nc7 32. a4 Ne8 33. Bf4 Nc7 34. Kf2 Ne8 35. Qc1 Nc7 36. Qa1 Ne8 37. Bd3 a5 38.
Qb1 Qd8 39. Bc2 Qc7 40. Qe1 Qd8 41. Qe3 Qe7 42. Qc1 Qd8 43. Kg2 Qe7 44. Kf1 Qd8 45. Qb1 Qc7 46. g5 fxg5 47. hxg5 hxg5 48. Bxg5 Nf6 49.
Qe1 Qd8 50. Qh4 Qe7 51. Kf2 Qe5 52. Bf4 Qxc3 53. Bxd6+ Kf7 54. Bd1 Bxf5 55. Bh5+ Nxh5 56. Qxh5+ Bg6 57. Qg5 Qxc4 58. Qe7+ Kg8 59. Be5 Qc2+ 60. Kg3 Qd3+ 61. Kf2 Qc2+ 62. Kg3 Qd3+ 63. Kh2 Qc2+ 64. Kh3 Qf5+ 65. Kg3 Qf7 66. Qd8+ Kh7 67. Qxb6 Be4 68. Qd6 Qf3+ 69. Kh4 g5+ 70. Kxg5 Qf5+ 71. Kh4 Qf2+ 72. Bg3 Qf5 73. Qe7+ Kg6 74. Qe8+ Kg7 75. Be5+ Kh7 76. Qh8+ Kg6 77. Qg7# 1-0

[Event "*** Titled Tuesday Blitz"]
[Site "Chess.com"]
[Date "2020.12.29"]
[Round "6"]
[White "SantoBlue"]
[Black "QuintilianoR"]
[Result "1-0"]
[WhiteElo "2867"]
[BlackElo "2662"]
[TimeControl "180+1"]
[EndTime "11:07:52 PST"]
[Termination "SantoBlue won on time"]

1. e4 c5 2. Nc3 Nc6 3. Nge2 g6 4. d4 cxd4 5. Nxd4 Bg7 6. Be3 Nf6 7. Bc4 O-O 8. Bb3 Re8 9. O-O d6 10. h3 Na5 11. Qd2 b6 12. Bh6 Bd7 13. Bxg7 Kxg7 14. Rfe1 Rc8 15. Rad1 Nc4 16. Bxc4 Rxc4 17. b3 Rc5 18. f4 Qc7 19. Re3 e5 20. fxe5 dxe5 21. Nf5+ Bxf5 22. exf5 Rc8 23. Ne4 Rxc2 24. Qe1 Qc6 25.
Rd6 Rc1 26. Rxc6 Rxe1+ 27. Rxe1 Rxc6 28. fxg6 hxg6 29. Ng5 e4 30. Re2 Rc1+ 31. Kf2 Ra1 32.
Ke3 Nd5+ 33. Kd4 Rd1+ 34. Kc4 e3 35. Ne4 f5 36. Ng5 Kf6 37. Nf3 f4 38. Nd4 Ne7 39. Nb5 a6 40. Nc3 b5+ 41. Kb4 Rd6 42. Ne4+ Ke5 43. Nxd6 Kxd6 44. Kc3 Ke5 45. Kd3 Nd5 46. a3 g5 47. Rc2 b4 48. a4 Nc3 49. Rc1 Kd5 50.
Rh1 Ne4 51. Rc1 Nc5+ 52. Kc2 e2 53. Re1 Ne6 54. Kd2 Nd4 55. Rb1 Ke4 56. Rb2 a5 57. Rb1 Kd5 58. Kd3 Ke5 59. Re1 Kd5 60. Rb1 Ke5 61. Rh1 Kd5 62. Rc1 Ke5 63. Rc8 Nxb3 64. Re8+ Kd5 65. Kxe2 Nc5 66. Kd2 Nxa4 67. Ra8 Nc5 68.
Rxa5 Kc4 69. Kc2 Nd3 70. Rxg5 b3+ 71. Kb1 Nb4 72. h4 Nd5 73. h5 Nc3+ 74. Kb2 Nd1+ 75. Kc1 b2+ 76. Kc2 1-0

[Event "*** Titled Tuesday Blitz"]
[Site "Chess.com"]
[Date "2020.12.29"]
[Round "6"]
[White "GM_LOADING"]
[Black "elohunter1999"]
[Result "1/2-1/2"]
[WhiteElo "2505"]
[BlackElo "2680"]
[TimeControl "180+1"]
[EndTime "11:07:56 PST"]
[Termination "Game drawn - insufficient material"]

1. d4 Nf6 2. Nf3 d5 3. c4 e6 4. Nc3 c6 5. Bg5 h6 6. Bh4 dxc4 7. e3 b5 8. a4 Bb4 9. Be2 Nbd7 10. O-O Qb6 11. Qc2 Bb7 12. Rfd1 a6 13. Ne5 O-O 14. Ne4 c5 15. Nxf6+ Nxf6 16. Bxf6 gxf6 17. Nd7 Qc6 18.
Nxf6+ Kg7 19. Bf3 Qc7 20. Nh5+ Kh8 21. Bxb7 Qxb7 22. d5 Rg8 23. Qe4 Rg5 24. Nf6 Kg7 25. d6 Qxe4 26. Nxe4 Re5 27. d7 Rd8 28. Nd6 Rd5 29.
axb5 axb5 30. Nxb5 R8xd7 31. Rdc1 Rd2 32. Rab1 Re2 33.
Nc3 Bxc3 34. bxc3 Rdd2 35. Rf1 Rc2 36. Rb5 Rxc3 37. Rxc5 Rcc2 38. g3 c3 39. Kg2 Kg6 40.
Kf3 f5 41. h4 Kf6 42. Rc8 e5 43. Rc6+ Kg7 44. h5 e4+ 45. Kf4 Rxf2+ 46. Rxf2 Rxf2+ 47. Ke5 c2 48. Rc7+ Kf8 49. Kf6 Ke8 50. Kg6 Rf3 51. Kxh6 Rxg3 52. Rxc2 Kf7 53. Rc7+ Kf6 54. Rc3 f4 55.
Rc6+ Kf5 56. Rc5+ Kg4 57. Rg5+ Kf3 58. exf4 e3 59. Re5 Kxf4 60. Re8 Kf3 61. Kh7 e2 62. h6 Kf2 63. Rxe2+ Kxe2 64. Kh8 Kf3 65. h7 Kg4 66. Kg7 Kf5+ 67. Kh8 Kg6 68. Kg8 Kf6+ 69. Kf8 Rh3 70. Kg8 Rg3+ 71. Kf8 Rh3 72. Kg8 Kg6 73.
h8=Q Rxh8+ 74. Kxh8 1/2-1/2

[Event "*** Titled Tuesday Blitz"]
[Site "Chess.com"]
[Date "2020.12.29"]
[Round "6"]
[White "Morshynska"]
[Black "The_Machine04"]
[Result "1/2-1/2"]
[WhiteElo "2222"]
[BlackElo "2418"]
[TimeControl "180+1"]
[EndTime "11:07:57 PST"]
[Termination "Game drawn - insufficient material"]

1. Nf3 d6 2. d4 Nf6 3. g3 g6 4. Bg2 Bg7 5. O-O O-O 6. b3 c6 7. Bb2 Nbd7 8. c4 Re8 9. Nc3 Qc7 10. e4 e5 11. dxe5 dxe5 12. Qc2 Nc5 13. b4 Ne6 14. Rfd1 Nd7 15. c5 b6 16. cxb6 axb6 17. a3 Bb7 18. Rac1 Rac8 19. Bh3 Ndf8 20. Na4 Rcd8 21. Bc3 h6 22.
Qe2 Nd4 23. Bxd4 exd4 24. Qc2 Ne6 25. Nb2 c5 26. Nd2 Rc8 27. bxc5 bxc5 28. Nd3 Bf8 29. f3 Ba6 30. Nc4 Qa7 31. Rb1 Rb8 32. Kg2 Rxb1 33. Rxb1 Rb8 34. Rxb8 Qxb8 35. Kf2 Qb5 36. Ndb2 Bg7 37.
Bf1 Qb7 38. Bd3 Qc6 39. Kg2 Qa8 40. Qa4 Bb7 41. Qxa8+ Bxa8 42. a4 Nc7 43. a5 Bb7 44.
Nd6 Ba6 45. Bxa6 Nxa6 46. Nbc4 Bf8 47. Nb5 Be7 48. f4 Kf8 49. Kf3 Ke8 50. e5 Kd7 51. Ke4 Kc6 52. Nba3 Nb4 53. h4 h5 54. f5 gxf5+ 55.
Kxf5 Kd5 56. g4 hxg4 57. Kxg4 d3 58. h5 d2 59. Nxd2 Kxe5 60. h6 f5+ 61. Kh5 Kf6 62. Nf3 Bf8 63. Nc4 Na6 64. Nfe5 Bxh6 65. Kxh6 f4 66. Kh5 Kf5 67. Kh6 Ke4 68. Kg6 f3 69.
Nxf3 Kxf3 70. Kf5 Ke2 71. Ke5 Nb4 72. Kd6 Kd3 73. Kxc5 Na6+ 74. Kb5 Nc7+ 75. Kc6 Kxc4 76. Kxc7 Kb5 77. a6 Kxa6 1/2-1/2

[Event "*** Titled Tuesday Blitz"]
[Site "Chess.com"]
[Date "2020.12.29"]
[Round "6"]
[White "Tsyhanchuk_Stanislav"]
[Black "kobemagic"]
[Result "0-1"]
[WhiteElo "2276"]
[BlackElo "2433"]
[TimeControl "180+1"]
[EndTime "11:07:59 PST"]
[Termination "kobemagic won by checkmate"]

1. d4 Nf6 2. Nf3 c5 3. c4 cxd4 4. Nxd4 Nc6 5. g3 g6 6. Bg2 Bg7 7. O-O O-O 8. Nc3 Nxd4 9. Qxd4 d6 10. Rd1 a6 11. b3 Rb8 12. Bb2 b5 13. c5 Nd7 14. Qd2 Nxc5 15. Nd5 Bxb2 16. Qxb2 Bb7 17.
Rac1 Bxd5 18. Rxd5 Nd7 19. h4 Nf6 20. Rd2 Rc8 21.
Rdc2 Rxc2 22. Qxc2 Qd7 23. Qc6 b4 24. Qxd7 Nxd7 25. Rc7 Rd8 26. Ra7 Kf8 27. Rxa6 Rb8 28.
Ra8 Rxa8 29. Bxa8 Nc5 30. Kf1 e5 31. Bd5 Ke7 32. e3 f6 33. Ke2 h6 34. Kd2 g5 35.
Kc2 Kd8 36. Kd2 Kc7 37. Kc2 Kb6 38. Bc4 Nd7 39. Bd5 Kc5 40. e4 Nb6 41. Be6 Kd4 42. Bf5 Na8 43. Kd2 Nc7 44. hxg5 hxg5 45. f3 Nb5 46. g4 Nc3 47. Be6 Nxa2 48. Bc4 Nc3 49. Be6 d5 50. exd5 Nxd5 51. Bf5 Nf4 52. Be4 Ng2 53.
Bf5 Ne3 54. Be4 Nf1+ 55. Ke2 Ne3 56. Kd2 Ng2 57. Bf5 Nf4 58. Be4 Ne6 59. Bf5 Nc5 60.
Bc2 Nd7 61. Bf5 Nb6 62. Bc2 Nd5 63. Be4 Nc3 64. Bc2 e4 65. fxe4 Nxe4+ 66. Ke2 Nc3+ 67. Kf3 Nd5 68. Be4 Nc3 69. Bc2 Nb5 70. Bf5 Nd6 71. Be6 Kc3 72. Bc4 Nxc4 73. bxc4 Kxc4 74. Ke4 b3 75. Kf5 b2 76. Kxf6 b1=Q 77. Kxg5 Kd5 78. Kh6 Ke6 79. g5 Kf7 80. g6+ Qxg6# 0-1

[Event "*** Titled Tuesday Blitz"]
[Site "Chess.com"]
[Date "2020.12.29"]
[Round "6"]
[White "Macron20hTF1"]
[Black "saikrishnaReturns"]
[Result "1-0"]
[WhiteElo "2492"]
[BlackElo "2632"]
[TimeControl "180+1"]
[EndTime "11:08:03 PST"]
[Termination "Macron20hTF1 won by checkmate"]

1. e4 e5 2. Nf3 Nc6 3. d4 exd4 4.
Nxd4 Nf6 5. Nxc6 bxc6 6. Bd3 d5 7. exd5 cxd5 8. O-O Be7 9. c4 d4 10. Nd2 O-O 11. Re1 Bb7 12. Nf3 Re8 13. Bg5 h6 14. Bh4 Nd7 15. Rxe7 Rxe7 16. Bxe7 Qxe7 17. Nxd4 Ne5 18. Bf1 Rd8 19. Qb3 Ba8 20. Rd1 Qd7 21. Be2 Qe7 22. h3 Ng6 23. Bf3 Rxd4 24. Bxa8 Rf4 25. g3 Rf6 26. Bd5 Qe2 27. Rf1 Ne5 28.
Qb8+ Kh7 29. Qxc7 Nd3 30. Qxa7 Qxb2 31. Be4+ g6 32. Bxd3 Qd2 33. Qe3 Qxa2 34. c5 Re6 35.
Qd4 Re7 36. Bc4 Qa4 37. Rd1 Rc7 38. Qd5 h5 39. Rd3 Qa1+ 40. Kg2 Qa5 41. Rf3 Qxc5 42. Rxf7+ Kh6 43. Qxc5 Rxc5 44. Bd3 Rc3 45. Rf3 h4 46. Re3 hxg3 47. Kxg3 Rc5 48. Be2 Rg5+ 49. Bg4 Rc5 50. f4 Rc1 51. Re6 Kg7 52. Kh4 Rc5 53. Rd6 Kf7 54.
Kg3 Kg7 55. Bf3 Rc3 56. Kg4 Rc1 57. Be4 Rg1+ 58. Kh4 Kf7 59. Rxg6 Rf1 60. Rg4 Kf6 61. Kg3 Rg1+ 62. Kf3 Rh1 63. h4 Rh3+ 64. Kg2 Re3 65. Rg6+ Kf7 66. Bb1 Rb3 67. Ba2 Kxg6 68. Bxb3 Kf5 69.
Kf3 Kf6 70. Bc2 Kg7 71. Kg4 Kf6 72. f5 Kg7 73. Kg5 Kf7 74. h5 Kg7 75. f6+ Kg8 76. Bb3+ Kh7 77. Kf5 Kh8 78. Ke6 Kg8 79. Ke7+ Kh7 80. f7 Kh6 81. f8=Q+ Kg5 82. Qf6+ Kg4 83. Bd1+ Kh3 84. Ba4 Kg4 85. h6 Kh5 86. h7 Kg4 87. h8=Q Kg3 88. Qhh4+ Kg2 89. Qff2# 1-0

[Event "*** Titled Tuesday Blitz"]
[Site "Chess.com"]
[Date "2020.12.29"]
[Round "6"]
[White "LiderChessAcademy"]
[Black "grunbergmihai"]
[Result "1/2-1/2"]
[WhiteElo "2610"]
[BlackElo "2443"]
[TimeControl "180+1"]
[EndTime "11:08:04 PST"]
[Termination "Game drawn by repetition"]

1. e4 Nf6 2. e5 Nd5 3. d4 d6 4.
Nf3 dxe5 5. Nxe5 c6 6. Be2 Nd7 7. Nd3 g6 8. Nd2 Bg7 9. Nf3 O-O 10. O-O Qc7 11. c4 N5b6 12. Bf4 Qd8 13. Rc1 Re8 14. Re1 Nf8 15. Nde5 Bf5 16. h3 Ne6 17. Be3 f6 18. Ng4 Bxg4 19. hxg4 Qc7 20. Qb3 Kh8 21. g3 Rad8 22.
Red1 c5 23. d5 Nf8 24. a4 e5 25. Nd2 Nc8 26. Ne4 b6 27. Kg2 Nd6 28. Bd3 Nxe4 29.
Bxe4 Rd6 30. a5 Qf7 31. Qd3 Nd7 32. axb6 axb6 33. Ra1 Rf8 34. Qc2 f5 35. Bf3 f4 36.
gxf4 exf4 37. Bd2 Ne5 38. Bc3 Nxf3 39. Kxf3 Re8 40. Re1 Rdd8 41. b3 g5 42. Rac1 Rd7 43.
Rh1 Bxc3 44. Qxc3+ Qg7 45. Qxg7+ Kxg7 46. Ra1 Rf8 47.
Ra6 Rf6 48. Rha1 Rh6 49. Kg2 Rf6 50. Ra7 Rd6 51. Rxd7+ Rxd7 52. Ra6 Rd6 53. Kf3 Kg6 54. Ke4 h5 55. gxh5+ Kxh5 56. Ke5 Rd8 57. d6 Kg4 58. Rxb6 Kf3 59. Kf5 g4 60. b4 cxb4 61. c5 g3 62. fxg3 fxg3 63. Rxb4 g2 64. Rb1 Kf2 65. Ke6 Re8+ 66.
Kd5 Re1 67. Rxe1 Kxe1 68. d7 g1=Q 69. Kd6 Qd4+ 70. Kc6 Qe4+ 71. Kc7 Qe5+ 72. Kb7 Qd5+ 73. c6 Qb5+ 74. Kc7 Qe5+ 75. Kc8 Qd6 76. c7 Qa6+ 77. Kd8 Qf6+ 78. Kc8 Qa6+ 79. Kb8 Qb6+ 80. Kc8 Qa6+ 1/2-1/2

[Event "*** Titled Tuesday Blitz"]
[Site "Chess.com"]
[Date "2020.12.29"]
[Round "6"]
[White "Olga_Zhuravleva"]
[Black "Yoda1992"]
[Result "0-1"]
[WhiteElo "2318"]
[BlackElo "2501"]
[TimeControl "180+1"]
[EndTime "11:08:06 PST"]
[Termination "Yoda1992 won on time"]

1. e4 c5 2. Nf3 d6 3. d4 cxd4 4. Nxd4 Nf6 5. Nc3 g6 6. Be2 Bg7 7. O-O O-O 8. Nb3 Nc6 9. Re1 Be6 10. Bf1 Rc8 11. Bg5 Ne5 12. Nd5 Bxd5 13. exd5 h6 14. Bh4 Nc4 15. Rb1 Nb6 16. Bxf6 Bxf6 17. c3 Kg7 18. Rc1 Na4 19. Rc2 Nc5 20. Nxc5 Rxc5 21. c4 Qd7 22. b4 Rc7 23. a3 b6 24. h3 Rfc8 25. Qf3 b5 26. Rec1 bxc4 27. Rxc4 Rxc4 28.
Rxc4 Rxc4 29. Bxc4 Qa4 30. Qb3 Qxb3 31. Bxb3 Bb2 32. a4 Bc3 33. b5 Ba5 34. Kf1 Bb6 35.
Ke2 g5 36. f3 Kf6 37. Kd3 Ke5 38. Ke2 Kf4 39. Kf1 f5 40. Bc2 Ke5 41. Bb3 Kf6 42. Ke2 Ke5 43. Kd3 Kf4 44. Ke2 Kg3 45. Kf1 h5 46. Bc2 Kf4 47. Bb3 g4 48. hxg4 fxg4 49.
fxg4 hxg4 50. Bd1 g3 51. Bf3 Ke3 52. Bd1 Ba5 53. Bc2 Bb4 54. Bb3 Kd4 55. Ke2 Kc3 56.
Ba2 Kb2 57. Bc4 Ka3 58. Kf3 Be1 59. a5 Kb4 60. b6 axb6 61. axb6 Bf2 62. b7 Ba7 63.
Bd3 Kc5 64. Be4 Kd4 65. Kf4 Bb8 66. Bf3 Kc5 67. Kxg3 Kb6 68. Kg4 Kxb7 69. Kf5 Kc7 70. Ke6 Kd8 71. Kf7 Ba7 72. g4 Be3 73. Ke6 Ke8 74. Be4 Kf8 75. Bg6 Bg5 76. Bh5 Kg7 77.
Kf5 Bf6 78. g5 Bd4 79. Ke6 Kf8 80. Bf7 Be3 81. g6 Bh6 82. Kf5 Bg7 0-1

[Event "*** Titled Tuesday Blitz"]
[Site "Chess.com"]
[Date "2020.12.29"]
[Round "6"]
[White "szefru"]
[Black "ChessArchitect64"]
[Result "1/2-1/2"]
[WhiteElo "2193"]
[BlackElo "2078"]
[TimeControl "180+1"]
[EndTime "11:08:11 PST"]
[Termination "Game drawn by repetition"]

1. e4 c5 2. d4 cxd4 3. c3 dxc3 4. Bc4 cxb2 5. Bxb2 e6 6. f4 Nc6 7.
Nf3 Nf6 8. e5 Ng8 9. O-O Nh6 10.
Kh1 Be7 11. Nc3 O-O 12. Ne4 Nf5 13. g4 Ne3 14. Qe2 Nxf1 15. Rxf1 a6 16. f5 d5 17.
exd6 exf5 18. dxe7 Qxe7 19. gxf5 Bxf5 20. Rg1 Bg6 21.
Bd5 Rad8 22. Bxc6 bxc6 23. Nf6+ Qxf6 24. Bxf6 gxf6 25. Qb2 Kg7 26. Nh4 Rd5 27. Rf1 Rd6 28.
Nf5+ Bxf5 29. Rxf5 Rfd8 30. Rf1 R8d7 31. Rg1+ Kf8 32.
Re1 Kg7 33. Qg2+ Kf8 34. Qh3 Rd1 35. Qh6+ Kg8 36. Rxd1 Rxd1+ 37. Kg2 Rd6 38. Kf3 Rd3+ 39. Ke4 Rd6 40. Kf5 Re6 41. Qd2 Kg7 42. h4 Re5+ 43. Kf4 Kg6 44. Qd3+ Kh6 45. Qd7 Kg6 46. Qxc6 Rf5+ 47.
Kg4 a5 48. a4 Re5 49. Qd7 Kg7 50. h5 Rg5+ 51. Kh4 Re5 52. Qg4+ Rg5 53. Qd4 Re5 54. h6+ Kxh6 55. Qf4+ Kg6 56. Qg4+ Rg5 57. Qd4 Kg7 58.
Qd6 Re5 59. Qb6 Rg5 60. Qa6 Re5 61. Kg4 Rg5+ 62. Kf4 h5 63. Qc8 Rg4+ 64. Kf5 Rg5+ 65. Kf4 Re5 66. Qh3 Rg5 67. Qd7 Rg4+ 68. Kf5 Rg5+ 69.
Kf4 Kg6 70. Qc7 Rg4+ 71. Kf3 Rg5 72. Qc2+ Kg7 73. Qd2 Re5 74. Kf4 Rg5 75. Qd3 Re5 76. Qh3 Rg5 77. Qd7 1/2-1/2

[Event "*** Titled Tuesday Blitz"]
[Site "Chess.com"]
[Date "2020.12.29"]
[Round "6"]
[White "Babujj"]
[Black "Vuk2000"]
[Result "0-1"]
[WhiteElo "2533"]
[BlackElo "2814"]
[TimeControl "180+1"]
[EndTime "11:08:31 PST"]
[Termination "Vuk2000 won by resignation"]

1. e4 e6 2. d4 d5 3. e5 c5 4. c3 Nc6 5. Nf3 Qb6 6. Bd3 cxd4 7.
cxd4 Bd7 8. O-O Nge7 9. Re1 h6 10. Nbd2 a5 11. Nb3 Nf5 12. Bxf5 exf5 13. Be3 Be6 14. Nc5 Bxc5 15. dxc5 Qxb2 16. Rb1 Qxa2 17. Rxb7 O-O 18. Qc1 Qc4 19. Qd2 Kh7 20. Rc1 Qa4 21.
h3 Rfd8 22. Nd4 f4 23. Nxe6 fxe3 24. Qd3+ Qe4 25. Qxe4+ dxe4 26. Nxd8 exf2+ 27. Kxf2 Rxd8 28. Rc4 Nxe5 29. Rxe4 Nd3+ 30. Ke3 Nxc5 31. Rxf7 Nxe4 32. Kxe4 Re8+ 33. Kd4 Re2 34. g4 Ra2 35. Ra7 Ra3 36.
Ke4 Kg6 37. h4 Ra1 38. Ra6+ Kf7 39. Kf5 Rf1+ 40. Ke4 Re1+ 41. Kf4 Rf1+ 42. Kg3 Ra1 43. g5 hxg5 44. hxg5 a4 45. Kg2 a3 46. g6+ Ke7 47.
Kh2 a2 48. Kg2 Kd7 49. Kh2 Kc7 50. Kg2 Kb7 51. Ra3 Kc6 52. Kh2 Kd5 53. Kg2 Kc4 54. Ra8 Kb3 55. Rb8+ Kc3 56. Rc8+ Kd3 57. Ra8 Ke4 58.
Ra6 Kf5 59. Kh2 Kg5 60. Kg2 Rc1 61. Rxa2 Kxg6 62. Ra6+ Kh5 63. Ra4 Rc3 64. Kh2 g6 65. Kg2 Kg5 66. Kh2 Rf3 67. Kg2 Rf4 68. Ra6 Kh5 69.
Kg3 Rg4+ 70. Kh3 Rh4+ 71. Kg3 Rd4 72. Ra8 Rd3+ 73. Kg2 g5 74. Ra4 Kg6 75. Ra6+ Kf5 76.
Ra5+ Kf4 77. Ra4+ Kf5 78. Ra5+ Kg4 79. Ra4+ Kh5 80. Rb4 g4 81. Rb5+ Kh4 82. Rb8 Rd2+ 83. Kg1 Kh3 84. Rb7 Rd1+ 85. Kf2 g3+ 86. Kf3 Rf1+ 87.
Ke2 Rf8 88. Rg7 Kh2 89. Rh7+ Kg1 90. Rg7 g2 91. Rg6 Rf5 92. Rg7 Rh5 93. Kf3 Rh3+ 94. Ke2 Kh1 95. Kf2 Rh2 0-1

[Event "*** Titled Tuesday Blitz"]
[Site "Chess.com"]
[Date "2020.12.29"]
[Round "6"]
[White "ferdipy"]
[Black "Gulkov_Igor"]
[Result "0-1"]
[WhiteElo "2188"]
[BlackElo "2548"]
[TimeControl "180+1"]
[EndTime "11:08:37 PST"]
[Termination "Gulkov_Igor won on time"]

1. d4 Nf6 2. Nf3 g6 3. Bg5 Bg7 4. Nbd2 d5 5. e3 c5 6. c3 Qb6 7.
Qc1 Nc6 8. Bd3 O-O 9. O-O Re8 10. h3 e5 11. dxe5 Nxe5 12. Nxe5 Rxe5 13. Bf4 Re8 14.
Nf3 Be6 15. a4 Ne4 16. a5 Qc6 17. a6 b6 18. c4 dxc4 19. Bxc4 Bxb2 20. Qxb2 Bxc4 21.
Ne5 Rxe5 22. Qxe5 Bxf1 23. Rxf1 Re8 24. Qb2 Qf6 25. Qb5 Qe6 26. Qb2 c4 27. Rc1 Nc5 28.
Qb5 Nd3 29. Rxc4 Nxf4 30. Rxf4 Rc8 31. Qb2 Rc4 32. Rf6 Qc8 33. Rd6 Rc6 34. Rd2 Rc1+ 35.
Kh2 Qc7+ 36. f4 Rc3 37. Re2 Qc4 38. Qd2 Qc7 39. Re1 Rc6 40. Rd1 b5 41. Qb4 Rc5 42.
Rd4 Rc4 43. Qxb5 Rxd4 44. exd4 Qxf4+ 45. g3 Qxd4 46. Qb8+ Kg7 47. Qb3 h5 48. Qf3 Qd2+ 49.
Kg1 Qc1+ 50. Kh2 Qb2+ 51. Kg1 Qa1+ 52. Kh2 Qxa6 53. Qc3+ Kh7 54. Qf3 Qe6 55. Qb7 a6 56.
Kh1 Kg7 57. Kg2 Qe2+ 58. Kg1 Qb5 59. Qc7 a5 60. g4 hxg4 61. hxg4 a4 62. Qc3+ Kh7 63.
Qh3+ Kg8 64. Qc3 Qb6+ 65. Kg2 Qb7+ 66. Kg1 Qb1+ 67. Kg2 Qb3 68. Qc8+ Kg7 69. g5 Qb2+ 70. Kg3 Qe5+ 71. Kh4 Qf4+ 72. Kh3 Qxg5 73. Qc3+ Qf6 74. Qb4 Qe6+ 75. Kg3 Qe5+ 76. Kg2 Qd5+ 77. Kg3 Qc6 78. Qd4+ Kg8 79. Qd8+ Kg7 80. Qd4+ f6 81. Qa7+ Kh6 82. Qe3+ g5 83. Qe7 Kg6 84. Qf8 Qc7+ 85. Kf2 Qb6+ 86. Kg2 Kf5 87. Qc8+ Qe6 88. Qc7 Qe4+ 89.
Kg1 Qd4+ 90. Kg2 Kg6 0-1

[Event "*** Titled Tuesday Blitz"]
[Site "Chess.com"]
[Date "2020.12.29"]
[Round "6"]
[White "XDPS"]
[Black "igorkovalenko"]
[Result "1/2-1/2"]
[WhiteElo "2727"]
[BlackElo "2903"]
[TimeControl "180+1"]
[EndTime "11:09:23 PST"]
[Termination "Game drawn - insufficient material"]

1. d4 Nf6 2. c4 e6 3. Nc3 Bb4 4. e3 b6 5. Bd3 Bb7 6. Nf3 d5 7. cxd5 Nxd5 8. Bd2 Bxc3 9. bxc3 Nf6 10. O-O O-O 11. a4 Nc6 12. e4 h6 13. Re1 Na5 14. e5 Nd7 15. Be3 c5 16. Bc2 Re8 17. Nd2 cxd4 18. cxd4 Rc8 19. Rc1 Qh4 20. Qe2 Nf8 21. Bb1 Ng6 22. g3 Qh3 23. f3 Ne7 24. Ne4 Bxe4 25. fxe4 Nb3 26. Rxc8 Rxc8 27. Bf2 h5 28. Rd1 Qg4 29. Qxg4 hxg4 30. d5 Nc5 31. Kg2 Ng6 32. Bd4 Nd7 33. Bb2 Ndxe5 34. Rd2 Nf3 35.
Re2 Nge5 36. h3 Nc4 37. hxg4 Nfd2 38. Ba2 exd5 39. exd5 Nxb2 40. Rxd2 Nxa4 41. Re2 Rd8 42. Rd2 Rd6 43. Bb3 Nc5 44. Ba2 Kf8 45. Kf3 Ke7 46. Ke3 Rg6 47. Kf4 Kd6 48. g5 f6 49. gxf6 Rxf6+ 50. Kg4 Rg6+ 51. Kf4 Rf6+ 52. Kg4 b5 53. Re2 a5 54. Re8 b4 55. Rd8+ Ke5 56. Re8+ Kd4 57. Rb8 Rg6+ 58. Kf4 Rf6+ 59. Kg5 Ne4+ 60. Kg4 Nc3 61.
Bb3 Rd6 62. Ra8 Rf6 63. Rxa5 Ne4 64. Ra8 Kc3 65. Ba4 Nc5 66. Rc8 Kd4 67. Bd1 b3 68. Rb8 Kc3 69. d6 Rxd6 70. Bf3 Rd4+ 71. Kf5 Rb4 72.
Rc8 Kd4 73. Rd8+ Ke3 74. Rd5 Nd3 75. Bd1 b2 76. Bc2 Nf2 77. Bb1 Kf3 78. Rd7 Rb5+ 79. Ke6 Kxg3 80. Rxg7+ Kf3 81. Kd6 Ke3 82. Kc6 Rb8 83.
Kc5 Nd1 84. Kc4 Kd2 85. Rd7+ Kc1 86. Bg6 Rb6 87. Bh7 Rh6 88. Bd3 Rh4+ 89. Kb3 Kd2 90. Bc2+ Ke3 91. Rxd1 b1=Q+ 92. Bxb1 Rh3 93. Kb2 Rh2+ 94.
Bc2 Rd2 95. Re1+ Kd4 96. Ra1 Rh2 97. Ra3 Kc5 98. Rc3+ Kd4 99. Rd3+ Kc4 100. Rg3 Kd4 101. Rg4+ Kc5 102. Kc3 Rh3+ 103. Bd3 Rh1 104. Rg5+ Kd6 105. Kd4 Rd1 106. Rg6+ Kd7 107. Rg3 Kd6 108. Rg6+ Kd7 109. Ra6 Kc7 110. Ke4 Rd2 111. Bc4 Rd6 112. Ra7+ Kb6 113. Ra1 Kc5 114. Rc1 Rd4+ 115. Ke5 Rxc4 116. Rxc4+ Kxc4 1/2-1/2

[Event "*** Titled Tuesday Blitz"]
[Site "Chess.com"]
[Date "2020.12.29"]
[Round "7"]
[White "BAS8892"]
[Black "Enriquack"]
[Result "1-0"]
[WhiteElo "2643"]
[BlackElo "2395"]
[TimeControl "180+1"]
[EndTime "11:11:14 PST"]
[Termination "BAS8892 won by resignation"]

1. d4 Nf6 2. c4 c5 3. d5 b5 4. f3 e6 5. e4 bxc4 6. Nc3 exd5 7. Nxd5 Nxd5 8. Qxd5 Nc6 9. Bxc4 Qf6 10. Ne2 Bb7 11. Bg5 Qg6 12. Nf4 Qxg5 13. Qxg5 1-0

[Event "*** Titled Tuesday Blitz"]
[Site "Chess.com"]
[Date "2020.12.29"]
[Round "7"]
[White "Lady_Nika"]
[Black "arctic_t00"]
[Result "0-1"]
[WhiteElo "2327"]
[BlackElo "2630"]
[TimeControl "180+1"]
[EndTime "11:11:21 PST"]
[Termination "arctic_t00 won by checkmate"]

1. d4 Nf6 2. e3 g6 3. Bd3 Bg7 4. f4 d6 5. Nf3 O-O 6. O-O c5 7.
Nbd2 b6 8. c3 Bb7 9. b3 Nbd7 10.
Bb2 Qc7 11. Rc1 e5 12. fxe5 dxe5 13. dxe5 Nxe5 14. Be2 Neg4 15. Nc4 Bxf3 16. Rxf3 Qxh2+ 17. Kf1 Qh1# 0-1

[Event "*** Titled Tuesday Blitz"]
[Site "Chess.com"]
[Date "2020.12.29"]
[Round "7"]
[White "nubair1198"]
[Black "GM_LOADING"]
[Result "1-0"]
[WhiteElo "2734"]
[BlackElo "2502"]
[TimeControl "180+1"]
[EndTime "11:11:35 PST"]
[Termination "nubair1198 won by resignation"]

1. d4 Nf6 2. c4 e6 3. Nc3 Bb4 4. Qc2 Nc6 5. Nf3 d6 6. Bd2 e5 7. d5 Bxc3 8. Bxc3 Ne7 9. g3 O-O 10. Bg2 Bf5 11. Qb3 c6 12. Nh4 Be6 13. dxe6 1-0

[Event "*** Titled Tuesday Blitz"]
[Site "Chess.com"]
[Date "2020.12.29"]
[Round "7"]
[White "IrishMonkey"]
[Black "BobbySteen89"]
[Result "1-0"]
[WhiteElo "2628"]
[BlackElo "2121"]
[TimeControl "180+1"]
[EndTime "11:11:48 PST"]
[Termination "IrishMonkey won by resignation"]

1. e4 c5 2. Nf3 d6 3. d4 cxd4 4.
Nxd4 Nf6 5. Nc3 a6 6. a4 e5 7. Nf3 Be7 8. Bc4 Qc7 9. Bb3 b6 10. Bg5 Nbd7 11. Bxf6 Nxf6 12. Nd5 Qb8 13. Ng5 O-O 14.
Nxe7+ 1-0

[Event "*** Titled Tuesday Blitz"]
[Site "Chess.com"]
[Date "2020.12.29"]
[Round "7"]
[White "Aslanov_Umid"]
[Black "ClydeHillKid"]
[Result "0-1"]
[WhiteElo "2254"]
[BlackElo "2383"]
[TimeControl "180+1"]
[EndTime "11:12:16 PST"]
[Termination "ClydeHillKid won by resignation"]

1. e4 e6 2. d4 d5 3. Nd2 Nf6 4.
e5 Nfd7 5. Bd3 c5 6. c3 Nc6 7. Ne2 Qb6 8. Nf3 cxd4 9. cxd4 f6 10.
exf6 Nxf6 11. O-O Bd6 12. a3 O-O 13. b4 e5 14. dxe5 Nxe5 15. Nxe5 Bxe5 16. Rb1 Ng4 17. Be3 Nxe3 18. fxe3 Qxe3+ 19. Kh1 Rxf1+ 20. Qxf1 Qxd3 0-1

[Event "*** Titled Tuesday Blitz"]
[Site "Chess.com"]
[Date "2020.12.29"]
[Round "7"]
[White "Fh2411"]
[Black "Nemsko"]
[Result "1-0"]
[WhiteElo "2567"]
[BlackElo "2328"]
[TimeControl "180+1"]
[EndTime "11:12:24 PST"]
[Termination "Fh2411 won by resignation"]

1. d4 Nf6 2. Nf3 d5 3. Bf4 e6 4. e3 Bd6 5. Bg3 O-O 6. Nbd2 c5 7. c3 Nc6 8. Bd3 Re8 9. Ne5 Qc7 10. f4 b6 11. O-O Bb7 12. Qf3 Ne7 13. Bh4 Nd7 14.
Bxh7+ Kxh7 15. Qh5+ Kg8 16. Qxf7+ Kh8 17. Bxe7 Rxe7 18.
Ng6+ Kh7 19. Nxe7 Bxe7 20. Qxe7 1-0